 Dungeon Crawl Stone Soup version 0.20-a0-997-g5e58985 (webtiles) character file.

270 rj54x the Firebug (level 6, 0/32 HPs)
             Began as a Deep Elf Fire Elementalist on Apr 10, 2017.
             Succumbed to a killer bee's poison
             ... on level 3 of the Dungeon on Apr 11, 2017.
             The game lasted 00:11:03 (2615 turns).

rj54x the Firebug (Deep Elf Fire Elementalist)      Turns: 2615, Time: 00:11:03

Health: 0/32       AC:  3    Str:  5    XL:     6   Next: 1%
Magic:  2/12       EV: 13    Int: 20    God:
Gold:   127        SH:  0    Dex: 17    Spells: 7/11 levels left

rFire    . . .     SeeInvis .   e - +0 club
rCold    . . .     Gourm    .   (no shield)
rNeg     . . .     Faith    .   a - +0 robe
rPois    .         Spirit   .   (no helmet)
rElec    .         Reflect  .   (no cloak)
rCorr    .         Harm     .   o - +0 pair of gloves (curse)
MR       .....                  (no boots)
Stlth    ++........             (no amulet)
Regen    0.1/turn               (no ring)
MPRegen  0.2/turn               (no ring)

@: lethally poisoned (0 -> -29)
A: no striking features
a: no special abilities


You were on level 3 of the Dungeon.
You were not hungry.

You visited 1 branch of the dungeon, and saw 3 of its levels.

You collected 127 gold pieces.

Inventory:

Hand Weapons
 e - a +0 club (weapon)
 n - a +0 short sword
Missiles
 k - 16 stones (quivered)
Armour
 a - a +0 robe (worn)
 o - a cursed +0 pair of gloves (worn)
Jewellery
 v - an uncursed ring of ice
Scrolls
 d - 3 scrolls of identify {unknown}
 f - a scroll of blinking {unknown}
 g - a scroll of fear {unknown}
 i - a scroll of teleportation {unknown}
 m - 2 scrolls of enchant weapon {unknown}
 q - 4 scrolls of remove curse {unknown}
 u - a scroll of enchant armour {unknown}
Potions
 h - a potion of haste {unknown}
 j - a potion of might {unknown}
 p - a potion of cancellation {unknown}
Books
 b - a book of Flames

   Spells                             Type                      Level
   a - Flame Tongue                   Conjuration/Fire             1
   b - Throw Flame                    Conjuration/Fire             2
   c - Conjure Flame                  Conjuration/Fire             3
   d - Inner Flame                    Hexes/Fire                   3
   e - Sticky Flame                   Conjuration/Fire             4
   f - Fireball                       Conjuration/Fire             5
 t - a book of Maledictions

   Spells                             Type                      Level
   a - Corona                         Hexes                        1
   b - Ensorcelled Hibernation        Hexes/Ice                    2
   c - Confuse                        Hexes                        3
   d - Tukima's Dance                 Hexes                        3
   e - Dazzling Spray                 Conjuration/Hexes            3
Comestibles
 c - 2 bread rations
 l - a meat ration
 r - 3 chunks of flesh
 s - a fruit


   Skills:
 - Level 2.4 Dodging
 - Level 2.4 Stealth
 - Level 3.0 Spellcasting
 + Level 4.1 Conjurations
 + Level 6.1 Fire Magic


You had 7 spell levels left.
You knew the following spells:

 Your Spells              Type           Power        Failure   Level  Hunger
a - Flame Tongue          Conj/Fire      ###..        1%          1    None
b - Conjure Flame         Conj/Fire      ###.....     8%          3    ###....


Dungeon Overview and Level Annotations

Branches:
Dungeon (3/15)

Altars:
Cheibriados
Dithmenos
Kikubaaqudgha
Okawaru
Qazlal
Trog
Uskayaw
Zin


Message History

The frilled lizard hisses.
The killer bee stings you.
You are poisoned.
The killer bee poisons you!
You feel sick. The killer bee stings you.
You are more poisoned.
The killer bee poisons you! The killer bee misses you.
The killer bee stings you. The killer bee barely misses you.
The killer bee closely misses you.
You hit the killer bee but do no damage.
You feel sick. The killer bee closely misses you. The killer bee stings you!
* * * LOW HITPOINT WARNING * * *
You are more poisoned.
The killer bee poisons you! The killer bee closely misses you.
The killer bee misses you. The killer bee completely misses you.
The killer bee barely misses you. The killer bee stings you.
* * * LOW HITPOINT WARNING * * *
You are more poisoned.
The killer bee poisons you!
You die...

## .# .########## .##.......#
....#####.# ### ...## #.#####
.<. ..## #.....##########.#
.## ##...............# #. .#
#.......@.y.....###.. .#
##........yy.......... ##
####.....................
####....#........l..........
##....####...................
......# #......).).o......###
###.#####.................# #
#....................####
###...#.##......(#.##.##


You could see 3 killer bees, an orc and a frilled lizard.

Vanquished Creatures
  An ogre (D:3)
  2 killer bees (D:3)
  2 adders
  3 worms
  A dart slug (D:2)
  A leopard gecko (D:1)
  9 bats
  3 giant cockroaches
  8 goblins
  4 hobgoblins
  3 jackals (D:1)
  2 quokkas
  3 frilled lizards
  14 kobolds
  10 rats
66 creatures vanquished.

Notes
Turn   | Place    | Note
-------+----------+-------------------------------------------
     0 | D:1      | rj54x the Deep Elf Fire Elementalist began the quest for the Orb.
     0 | D:1      | Reached XP level 1. HP: 10/10 MP: 6/6
    70 | D:1      | Upgraded the game from 0.20-a0-984-ge8aa303 to 0.20-a0-997-g5e58985
   300 | D:1      | Reached skill level 4 in Fire Magic
   300 | D:1      | Reached XP level 2. HP: 15/15 MP: 4/8
   897 | D:1      | Reached XP level 3. HP: 19/19 MP: 7/9
  1273 | D:2      | Learned a level 3 spell: Conjure Flame
  1496 | D:2      | Found a glowing silver altar of Zin.
  1523 | D:2      | Found a bloodstained altar of Trog.
  1543 | D:2      | Found an ancient bone altar of Kikubaaqudgha.
  1561 | D:2      | Found a shadowy altar of Dithmenos.
  1794 | D:2      | Reached skill level 5 in Fire Magic
  1841 | D:2      | Noticed a hand axe
  1841 | D:2      | Noticed a hand axe
  1842 | D:2      | Found a hide-covered altar of Uskayaw.
  1880 | D:2      | Found a stormy altar of Qazlal.
  1885 | D:2      | Found a snail-covered altar of Cheibriados.
  2040 | D:2      | Reached XP level 4. HP: 24/24 MP: 6/10
  2182 | D:3      | Found an iron altar of Okawaru.
  2186 | D:3      | Noticed an ogre
  2214 | D:3      | Killed an ogre
  2214 | D:3      | Reached XP level 5. HP: 28/28 MP: 0/11
  2605 | D:3      | Reached skill level 6 in Fire Magic
  2605 | D:3      | Reached XP level 6. HP: 32/32 MP: 1/12
  2615 | D:3      | Succumbed to a killer bee's poison

Vault maps used:
D:1:      eino_arrival_druids_welcome
D:2:      dancing_weapons_uskayaw, grunt_temple_overflow_open,
          grunt_temple_overflow_cloverleaf
D:3:      lemuel_doored_altar, hangedman_decor_points

Skill      XL: |  1  2  3  4  5 |
---------------+----------------+-----
Fire Magic     | 4 5 6 |  6.1
Conjurations   | 3 4 |  4.1
Dodging        | |  2.4
Stealth        | |  2.4
Spellcasting   | |  3.0

Action                   |  1- 3 |  4- 6 || total
-------------------------+-------+-------++-------
Melee: Club              |       |     6 ||     6
 Cast: Flame Tongue      |    90 |    31 ||   121
       Conjure Flame     |       |     3 ||     3
  Eat: Chunk             |     3 |     2 ||     5
Armor: Robe              |     3 |     4 ||     7
Dodge: Dodged            |    12 |    22 ||    34
